 Dungeon Crawl Stone Soup version 0.20.1-1-g8b1a95d (webtiles) character file.

74 Iscandelvey the Conjurer (level 4, 0/30 HPs)
             Began as a Demonspawn Conjurer on Dec 10, 2017.
             Succumbed to an adder's poison
             ... on level 2 of the Dungeon.
             The game lasted 00:14:40 (2084 turns).

Iscandelvey the Conjurer (Demonspawn Conjurer)      Turns: 2084, Time: 00:14:41

Health: 0/30       AC:  3    Str:  8    XL:     4   Next: 10%
Magic:  5/8        EV: 12    Int: 17    God:
Gold:   44         SH:  0    Dex: 14    Spells: 7/8 levels left

rFire    . . .     SeeInvis .   h - +0 short sword
rCold    + + .     Gourm    .   (no shield)
rNeg     . . .     Faith    .   j - +1 robe {rC+}
rPois    .         Spirit   .   (no helmet)
rElec    .         Reflect  .   (no cloak)
rCorr    .         Harm     .   (no gloves)
MR       .....                  (no boots)
Stlth    ++........             (no amulet)
Regen    0.1/turn               (no ring)
MPRegen  0.2/turn               (no ring)

@: lethally poisoned (0 -> -1)
A: claws 2, cold resistance 1
a: no special abilities


You were on level 2 of the Dungeon.
You were not hungry.

You visited 1 branch of the dungeon, and saw 2 of its levels.

You collected 44 gold pieces.

Inventory:

Hand Weapons
 h - a +0 short sword (weapon)
Armour
 j - a +1 robe of cold resistance (worn)
 l - a +0 scale mail
Jewellery
 k - an uncursed amulet of regeneration {unknown}
Scrolls
 a - a scroll of random uselessness {unknown}
 d - 3 scrolls of identify {unknown}
 e - a scroll of noise {unknown}
 i - 2 scrolls of remove curse {unknown}
Books
 b - a book of Conjurations

   Spells                             Type                      Level
   a - Magic Dart                     Conjuration                  1
   b - Searing Ray                    Conjuration                  2
   c - Dazzling Spray                 Conjuration/Hexes            3
   d - Fulminant Prism                Conjuration/Hexes            4
   e - Force Lance                    Conjuration/Translocation    4
   f - Iskenderun's Mystic Blast      Conjuration                  4


   Skills:
 - Level 1.8 Dodging
 - Level 1.9 Stealth
 + Level 2.6 Spellcasting
 * Level 5.2 Conjurations


You had 7 spell levels left.
You knew the following spells:

 Your Spells              Type           Power        Failure   Level  Hunger
a - Magic Dart            Conj           ###.         2%          1    #......


Dungeon Overview and Level Annotations

Branches:
Dungeon (2/15)

Altars:


Innate Abilities, Weirdness & Mutations

You have very sharp fingernails.
Your flesh is cold resistant. (rC+)


Message History

You feel sick.
There is a lethal amount of poison in your body!
There is a lethal amount of poison in your body!
* * * LOW HITPOINT WARNING * * *
You feel sick.
* * * LOW HITPOINT WARNING * * *
You feel sick.
* * * LOW HITPOINT WARNING * * *
You feel sick.
There is a lethal amount of poison in your body!
There is a lethal amount of poison in your body!
There is a lethal amount of poison in your body!
You eat the bread ration.
That bread ration really hit the spot!
* * * LOW HITPOINT WARNING * * *
You feel sick.
* * * LOW HITPOINT WARNING * * *
You feel sick.
* * * LOW HITPOINT WARNING * * *
You feel sick.
You die...

#..........#
#########.......)#.#
#................#.#
##########................#.#
#............................
#............................
#.................#...##.....
#................#.#..##.....
#..........<@...#._.#.##.....
#................#.#...#.....
#.................#......(...
###############.(......#.....
######...#..... #####.....
####.. .. .


There were no monsters in sight!

Vanquished Creatures
  2 adders (D:2)
  An ooze (D:1)
  2 worms
  2 dart slugs (D:1)
  A leopard gecko (D:1)
  4 bats
  4 giant cockroaches (D:1)
  6 hobgoblins
  2 quokkas (D:2)
  3 frilled lizards
  5 goblins
  6 kobolds
  2 rats (D:1)
40 creatures vanquished.

Notes
Turn   | Place    | Note
-------+----------+-------------------------------------------
     0 | D:1      | Iscandelvey the Demonspawn Conjurer began the quest for the Orb.
     0 | D:1      | Reached XP level 1. HP: 13/13 MP: 3/3
   360 | D:1      | Gained mutation: Your flesh is cold resistant. (rC+) [demonic ancestry]
   360 | D:1      | Reached XP level 2. HP: 13/19 MP: 1/5
   962 | D:1      | Gained mutation: You have sharp fingernails. [demonic ancestry]
   962 | D:1      | Reached XP level 3. HP: 24/24 MP: 3/6
  1740 | D:2      | Reached skill level 5 in Conjurations
  1751 | D:2      | Found a faded altar of an unknown god.
  2052 | D:2      | Gained mutation: You have very sharp fingernails. [demonic ancestry]
  2052 | D:2      | Reached XP level 4. HP: 13/30 MP: 2/8
  2076 | D:2      | HP: 1/30 [poisoned by an adder]
  2084 | D:2      | Succumbed to an adder's poison

Skill      XL: |  1  2  3 |
---------------+----------+-----
Conjurations   | 5 |  5.2
Dodging        | |  1.8
Stealth        | |  1.9
Spellcasting   | |  2.6

Action                   |  1- 3 |  4- 6 || total
-------------------------+-------+-------++-------
Melee: Unarmed           |    29 |       ||    29
       Short sword       |    19 |       ||    19
 Cast: Magic Dart        |    91 |     1 ||    92
  Use: Potion            |     2 |       ||     2
  Eat: Chunk             |     4 |       ||     4
       Bread ration      |       |     1 ||     1
Armor: Robe              |     9 |       ||     9
Dodge: Dodged            |    34 |       ||    34
